AoeStats
← ltjhoward

Arena

510121223Analyzed
2v2 RM · 3d ago on Sep 29, 2026· 41m 0s· 4 players
Game mode
Random Map
Map size
Medium (4 player)
Population
200
Speed
Normal
Resources
Standard
Victory
Conquest
Starting age
Dark Age
Ending age
Imperial Age
RankedLock teamsTeams togetherTeam positionsShared explorationLock speedFull tech treeHidden civsTurbo modeCheats
Victory
Defeat
🇫🇮 Turks · Finland
1032
+16
🇪🇸 Italians · Spain
1028
+15
🇺🇸 Vietnamese · United States
1032
-16
🇺🇸 Franks · United States
1012
-15
GooglyFi
11:41 Feudal Age
15:24 Castle Age
13:29 Stone Mining
13:30 Gold Mining
13:28 Double-Bit Axe
16:39 Fletching
16:51 Padded Archer Armor
18:05 Loom
22:02 Wheelbarrow
22:49 Bow Saw
30:09 Imperial Age
29:24 Husbandry
29:52 Bodkin Arrow
30:08 Forging
30:04 Scale Barding Armor
29:53 Elite Skirmisher
31:17 Conscription
33:45 Imperial Skirmisher
34:12 Cavalier
38:17 Paladin
ltjhoward
12:00 Feudal Age
15:44 Castle Age
13:31 Double-Bit Axe
13:42 Horse Collar
14:30 Gold Mining
15:11 Town Watch
15:50 Loom
16:46 Fletching
16:57 Padded Archer Armor
17:37 Bow Saw
21:01 Bodkin Arrow
22:43 Fortified Wall
23:48 Ballistics
23:26 Elite Skirmisher
24:44 Leather Archer Armor
29:59 Imperial Age
28:00 Stone Mining
29:32 Thumb Ring
31:01 Bracer
30:59 Imperial Skirmisher
31:08 Capped Ram
34:13 Squires
35:28 Forging
35:19 Scale Mail Armor
35:49 Ring Archer Armor
Lakupiippu
10:05 Feudal Age
14:01 Castle Age
12:52 Double-Bit Axe
13:34 Horse Collar
14:59 Loom
22:14 Bow Saw
27:29 Imperial Age
25:47 Wheelbarrow
25:25 Heavy Plow
26:37 Scale Barding Armor
26:34 Padded Archer Armor
27:20 Bloodlines
28:11 Chain Barding Armor
28:53 Conscription
32:50 Plate Barding Armor
37:42 Hand Cart
37:41 Forging
39:24 Husbandry
39:10 Cavalier
39:13 Heavy Camel Rider
GerryPrime
11:36 Feudal Age
12:13 Double-Bit Axe
15:58 Castle Age
13:44 Horse Collar
14:26 Stone Mining
15:47 Town Watch
21:40 Fletching
23:15 Bow Saw
27:00 Bodkin Arrow
29:53 Imperial Age
27:41 Bodkin Arrow
27:47 Padded Archer Armor
28:40 Thumb Ring
30:41 Wheelbarrow
31:17 Conscription
30:51 Gold Mining
32:05 Chemistry
31:54 Ballistics
31:54 Bracer
32:10 Leather Archer Armor
32:50 Elite Skirmisher
33:24 Elite Genoese Crossbowman
34:25 Conscription
34:41 Ring Archer Armor
34:30 Husbandry
34:39 Scale Barding Armor
34:45 Forging
35:30 Bloodlines
35:06 Light Cavalry
36:36 Chain Barding Armor
38:57 Plate Barding Armor
38:58 Iron Casting
39:31 Hussar
Connection lost

Rejoining the realm…

Still unreachable

The connection could not be restored.

Session expired

The server has moved on; the page needs a fresh start.